 Dungeon Crawl Stone Soup version 0.32-a0-19-g28bc0835a1 (webtiles) character file.

Game seed: 4916524608069059063

321 vurker the Covered (level 6, 21/51 HPs)
             Began as an Armataur Fighter on Mar 5, 2023.
             Quit the game on level 3 of the Dungeon on Jan 17, 2024.
             The game lasted 00:05:43 (2033 turns).

vurker the Covered (Armataur Fighter)               Turns: 2033, Time: 00:05:44

Health: 21/51      AC:  7    Str: 23    XL:     6   Next: 22%
Magic:  6/6        EV:  8    Int:  8    God:
Gold:   80         SH:  4    Dex: 10    Spells: 5/5 levels left

rFire   . . .        a - +0 war axe
rCold   . . .        c - +0 buckler
rNeg    . . .        b - +0 scale mail
rPois   .            (no helmet)
rElec   .            (no cloak)
rCorr   .            (no gloves)
SInv    .            (no barding)
Will    .....        (no amulet) Stlth
                     (no ring)
HPRegen 0.28/turn    (no ring)
MPRegen 0.10/turn

%: roll
@: no status effects
A: large, deformed body, tough skin 3, armoured tail, roll 1
a: no special abilities


You were on level 3 of the Dungeon.
You visited 1 branch of the dungeon, and saw 3 of its levels.

You collected 80 gold pieces.

Inventory:

Hand Weapons
 a - a +0 war axe (weapon)
Armour
 b - a +0 scale mail (worn)
 c - a +0 buckler (worn)
Scrolls
 g - a scroll of fear {unknown}
 k - a scroll of teleportation {unknown}
 l - a scroll of immolation {unknown}
 m - a scroll of identify {unknown}
 n - a scroll of blinking {unknown}
 o - a scroll of enchant weapon {unknown}
 q - a scroll of vulnerability {unknown}
Potions
 d - a potion of might
 e - a potion of resistance {unknown}
 f - 3 potions of heal wounds {unknown}
 h - a potion of attraction {unknown}
 i - a potion of degeneration {unknown}
 j - a potion of lignification {unknown}
 p - a potion of enlightenment {unknown}


   Skills:
 + Level 3.6 Fighting
 * Level 3.4 Axes
 + Level 4.7 Armour
 + Level 1.6 Dodging
 + Level 4.2 Shields


You had 5 spell levels left.
You didn't know any spells.
Your spell library was empty.

Dungeon Overview and Level Annotations

Branches:
Dungeon (3/15) Zot: 15879

Altars:
Cheibriados

Shops:
D:1 [:


Innate Abilities, Weirdness & Mutations

Armour fits poorly on your strangely shaped body.
You have extremely tough skin. (AC +3)
You have a long armoured tail.
You regenerate magic when rolling toward enemies. (Rampage MPRegen)


Message History

Something hits you but does no damage.
You hit the orc priest.
You kill the orc priest!
You closely miss the rat. You miss something. The rat barely misses you.
Something completely misses you.
You take 6 damage, and have 22/48 hp.
You completely miss the orc priest. You closely miss something.
You hit the rat.
You kill the rat!
Something hits you but does no damage. You block the orc priest's attack.
Something hits you but does no damage. The orc priest closely misses you.
You have reached level 6!
You regained 3 hp, and now have 25/54 hp.
MP restored: 6 You hit the orc priest.
You closely miss something. Something hits you but does no damage.
The orc priest hits you but does no damage.
You hit the orc priest.
Your tail-slap misses the orc priest.
You barely miss something.
You hear some strange, mumbled words.
A magic dart appears from out of thin air!
The magic dart hits you.
* * * LOW HITPOINT WARNING * * *
The orc priest hits you with a +0 short sword.
* * * LOW HITPOINT WARNING * * *
You take 5 damage, and have 20/54 hp.
You slash the orc priest!
You kill the orc priest!
You miss something.
Something hits you but does no damage. x2
No target in view!
No target in view!
No target in view!
You miss something. Something hits you but does no damage.
You slash something!
Reactivating autopickup.
You feel a bit more experienced.
Saving game... please wait.
Welcome back, vurker the Armataur Fighter.
Welcome back, vurker the Armataur Fighter.
Welcome back, vurker the Armataur Fighter.

#..... ..# #.....# #.#
####.....####.#
#...........#.#
#...........#.###### .
......_............# ..
...................##...
....................'...
##..)@[###.......##.
#..[).# #######)#
#.....# ... #.#
...##.... .....#.#####
... ..............)....
.. .#...........#######
# ..#........... # ..
#.......... # ..... #


There were no monsters in sight!

Vanquished Creatures
  A hound (D:3)
  3 orc priests (D:3)
  An iguana (D:2)
  An orc wizard (D:3)
  4 gnolls
  4 adders
  3 ribbon worms
  An orc (D:3)
  5 ball pythons
  9 bats
  An endoplasm (D:2)
  A giant cockroach (D:1)
  4 goblins
  8 hobgoblins
  10 jackals
  3 quokkas
  2 frilled lizards
  7 kobolds
  6 rats
74 creatures vanquished.

Notes
Turn   | Place    | Note
-------+----------+-------------------------------------------
     0 | D:1      | vurker the Armataur Fighter began the quest for the Orb.
     0 | D:1      | Reached XP level 1. HP: 19/19 MP: 1/1
   107 | D:1      | Reached XP level 2. HP: 21/26 MP: 2/2
   187 | D:1      | Found Rawaur's Armour Shop.
   188 | D:1      | You fall into a shaft and drop 1 floor!
   416 | D:2      | Reached XP level 3. HP: 22/32 MP: 3/3
   671 | D:1      | Found Bisu's Book Emporium.
   989 | D:2      | Reached skill level 1 in Dodging
   989 | D:2      | Reached XP level 4. HP: 19/40 MP: 4/4
  1650 | D:3      | Upgraded the game from 0.30-a0-782-ge64f9170bb to
                  | 0.31-a0-75-g6fe912e8c5
  1652 | D:3      | Found a faded altar of an unknown god.
  1768 | D:3      | Reached XP level 5. HP: 33/48 MP: 5/5
  1768 | D:3      | Upgraded the game from 0.31-a0-75-g6fe912e8c5 to
                  | 0.31-a0-214-gb37851dbb3
  2001 | D:3      | Found a snail-covered altar of Cheibriados.
  2028 | D:3      | Reached XP level 6. HP: 25/54 MP: 6/6
  2033 | D:3      | Upgraded the game from 0.31-a0-214-gb37851dbb3 to
                  | 0.31-a0-221-gbddc013574
  2033 | D:3      | Upgraded the game from 0.31-a0-221-gbddc013574 to
                  | 0.31-a0-521-gc7390f8997
  2033 | D:3      | Upgraded the game from 0.31-a0-521-gc7390f8997 to
                  | 0.32-a0-19-g28bc0835a1
  2033 | D:3      | Quit the game

Illustrated notes

Levels and vault maps discovered:
D:1:      lightli_arrival_quake, layout_rooms, serial_shops,
          nicolae_shop_waterfront, nicolae_shop_crystal,
          wander_ebering_terrifying_dragon_lair
D:2:      layout_loops_corners
D:3:      cheibrodos_pilgrimage, layout_basic, slow_altar_1,
          ebering_ecumenical_altar_rust, gammafunk_ghost_nasty_kobolds

Skill      XL: |  1  2  3  4  5 |
---------------+----------------+-----
Axes           | 2 3 |  3.4
Armour         | 4 |  4.7
Fighting       | 3 |  3.6
Dodging        | 1 |  1.6
Shields        | 4 |  4.2

Action                     |  1- 3 |  4- 6 || total
---------------------------+-------+-------++-------
  Melee: War axe           |   127 |    90 ||   217
         Tailslap          |    11 |     9 ||    20
 Armour: Scale mail        |    79 |    52 ||   131
  Dodge: Dodged            |    62 |    32 ||    94
  Block: Buckler           |    27 |    16 ||    43

Table legend: (Time is in decaauts)
 A = Elapsed time spent in this place.
 B = Non-inter-level travel time spent in this place.
 C = Inter-level travel time spent in this place.
 D = Time resting spent in this place.
 E = Time spent auto-exploring this place.
 F = Levels seen in this place.
 G = Mean time per level.
                   A        B        C        D        E       F      G
               +--------+--------+--------+--------+--------+-----+--------+
         Total |   2120 |   2061 |     59 |     47 |   1510 |   3 |  706.7 |
       Dungeon |   2120 |   2061 |     59 |     47 |   1510 |   3 |  706.7 |
               +--------+--------+--------+--------+--------+-----+--------+

Top non-repeatable levels by time:
     D:2: 1135 daAuts
     D:1: 638 daAuts
     D:3: 347 daAuts
